Map: Alcyone LE

Players

A.I. 1 (Hard)

  • Race: Terran Terran
  • Spawn Location: 1:00

shootme - Winner!

  • Race: Protoss Protoss
  • League: Silver
  • Spawn Location: 7:00

VOD

Have the link to the VOD?

Description

Time

  • Played on: Aug. 13, 2024, 6:41 p.m.
  • Length: 9:56
Show
View Real Time Build Order
Export as new Build Order

A.I. 1 (Hard) Terran 

Build Orders:  

Get SALT Encoding   

  12  0:00  SCV  
  13  0:13  SCV  
  14  0:19  Supply Depot  
  14  0:25  SCV  
  15  0:40  SCV  
  15  0:42  Barracks  
  16  0:49  Refinery  
  16  0:52  SCV  
  17  1:05  SCV  
  18  1:17  SCV  
  19  1:19  Supply Depot  
  19  1:29  Marine, Orbital Command  
  20  1:41  Barracks  
  20  1:49  Barracks Tech Lab, Refinery  
  20  1:54  SCV  
  21  2:07  Marine, Supply Depot  
  22  2:24  Marine  
  22  2:28  Marine  
  24  2:38  Supply Depot  
  24  2:42  Marine  
  25  2:47  Marine  
  26  3:00  Marine  
  27  3:05  Marine  
  28  3:14  SCV, Supply Depot  
  28  3:18  Marine  
  30  3:24  Marine  
  30  3:26  SCV, Engineering Bay  
  32  3:36  Marauder  
  32  3:38  SCV  
  35  3:43  Marine  
  36  3:50  SCV  
  37  3:57  Marine  
  37  4:02  SCV  
  39  4:14  SCV  
  39  4:15  Marauder  
  42  4:37  Marauder  
  44  4:58  Marauder  
  46  5:20  Marauder  
  48  6:31  Barracks Tech Lab  
  48  6:32  Stimpack  
  48  6:33  Terran Infantry Weapons Level 1, Factory  
  48  6:35  Factory  
  48  6:37  Missile Turret  
  48  6:38  Missile Turret  
  48  6:39  Command Center  
  48  6:40  Supply Depot  
  48  6:42  Barracks  
  48  6:49  Concussive Shells  
  48  6:59  Bunker  
  48  7:05  Supply Depot  
  48  7:17  Factory Tech Lab  
  48  7:19  Widow Mine  
  38  7:23  Starport  
  38  7:26  Starport  
  38  7:27  Marine  
  29  7:30  Sensor Tower  
  29  7:31  Combat Shield  
  29  7:35  Marine  
  30  7:40  Factory Tech Lab  
  30  7:42  Marine  
  31  7:50  Marine  
  32  7:51  SCV  
  32  7:53  Armory, SCV  
  32  7:57  Refinery  
  34  7:58  Marine  
  34  8:01  Missile Turret  
  34  8:02  Missile Turret  
  34  8:03  SCV, Barracks Reactor, Refinery  
  34  8:04  Starport Tech Lab x2  
  34  8:05  SCV  
  37  8:08  Marine  
  38  8:15  SCV  
  38  8:16  Marine  
  38  8:17  SCV  
  41  8:22  Raven  
  41  8:23  Bunker  
  41  8:24  Raven  
  41  8:26  Marine  
  46  8:27  SCV  
  46  8:29  SCV  
  46  8:34  Marine  
  41  8:38  Siege Tank  
  41  8:39  SCV  
  45  8:41  SCV  
  45  8:46  Siege Tank  
  42  8:54  Marine  
  40  8:57  Viking  
  31  9:05  Marine  
  32  9:13  Marine  
  32  9:16  SCV  
  34  9:21  Marine  
  30  9:28  SCV  
  30  9:31  Marine  
  18  9:43  SCV  
Show
View Real Time Build Order
Export as new Build Order

shootme Protoss - Winner!

Build Orders: Blink Stalkers 

Get SALT Encoding   

  12  0:00  Probe  
  13  0:12  Probe  
  14  0:19  Pylon  
  14  0:24  Probe  
  15  0:37  Probe (Chrono Boost)  
  15  0:40  Gateway  
  16  0:49  Probe (Chrono Boost)  
  17  0:52  Assimilator  
  17  0:54  Probe (Chrono Boost)  
  18  1:03  Probe (Chrono Boost)  
  19  1:18  Probe (Chrono Boost)  
  20  1:35  Probe  
  21  1:45  Pylon  
  21  1:46  Nexus  
  21  1:51  Probe  
  21  1:52  Cybernetics Core  
  22  1:59  Assimilator  
  22  2:03  Probe (Chrono Boost)  
  24  2:15  Probe (Chrono Boost)  
  24  2:22  Probe (Chrono Boost)  
  25  2:29  Adept  
  27  2:30  Probe  
  27  2:36  Stargate  
  28  2:44  Twilight Council  
  28  2:45  Probe  
  29  2:58  Pylon, Probe  
  30  3:03  Warp Gate (Chrono Boost)  
  30  3:07  Stalker (Chrono Boost)  
  32  3:22  Probe  
  32  3:23  Probe  
  34  3:32  Assimilator  
  34  3:34  Robotics Facility  
  34  3:35  Probe  
  34  3:36  Assimilator  
  35  3:46  Blink  
  35  3:47  Probe  
  36  3:58  Stalker  
  38  4:08  Probe  
  38  4:09  Probe  
  40  4:20  Void Ray (Chrono Boost)  
  40  4:23  Probe x2  
  46  4:32  Immortal (Chrono Boost)  
  46  4:33  Forge  
  46  4:35  Probe x2  
  52  4:47  Probe  
  52  4:48  Probe  
  54  5:17  Pylon, Fleet Beacon  
  54  5:18  Pylon  
  54  5:20  Pylon  
  54  5:35  Probe x2  
  60  5:38  Void Ray (Chrono Boost)  
  60  5:40  Immortal  
  64  5:47  Stalker  
  66  5:54  Gateway  
  66  5:55  Probe (Chrono Boost)  
  67  6:03  Charge  
  67  6:08  Probe (Chrono Boost)  
  68  6:12  Carrier  
  74  6:34  Probe  
  74  6:35  Probe  
  76  6:58  Gateway  
  76  7:00  Gateway  
  76  7:02  Gateway  
  76  7:05  Gateway  
  76  7:08  Zealot  
  76  7:37  Zealot  
  76  7:43  Resonating Glaives  
  78  7:44  Pylon  
  78  7:47  Pylon  
  78  8:06  Stalker x2  
  78  8:07  Stalker x2  
  78  8:08  Stalker  
  78  8:10  Zealot  
  90  8:43  Carrier  
Tags
 
Composition
Blink Stalkers
League
Silver
Matchup
PvT
Spawn Locations
Cross Positions
Add a new tag
Caveats
  • Supply blocks, unpowered buildings, or Contaminate may cause inaccurate times.
  • Supply counts are checked every 10 seconds.